 Dungeon Crawl Stone Soup version 0.29-a0-1033-gb6c65ffae6 (webtiles) character file.

Game seed: 4422310465110626479

4 ytrimaz the Trooper (level 1, -2/18 HPs)
             Began as a Demonspawn Berserker on Aug 14, 2022.
             Was a Follower of Trog.
             Slain by a jackal (3 damage)
             ... on level 1 of the Dungeon.
             The game lasted 00:00:15 (356 turns).

ytrimaz the Trooper (Demonspawn Berserker)           Turns: 356, Time: 00:00:16

Health: -2/18      AC:  2    Str: 17    XL:     1   Next: 58%
Magic:  1/1        EV: 12    Int:  8    God:    Trog [*.....]
Gold:   0          SH:  0    Dex: 12    Spells: 0/0 levels left

rFire   . . .      SeeInvis .   a - +0 hand axe
rCold   . . .      Faith    .   (no shield)
rNeg    . . .      Spirit   .   b - +0 animal skin
rPois   .          Reflect  .   (no helmet)
rElec   .          Harm     .   (no cloak)
rCorr   .          Rampage  .   (no gloves)
Will    .....                   (no boots)
Stlth   +.........              (no amulet)
HPRegen 0.06/turn               (no ring)
MPRegen 0.07/turn               (no ring)

@: no status effects
A: no striking features
a: Renounce Religion, Berserk


You were on level 1 of the Dungeon.
You worshipped Trog.
Trog was aware of your devotion.
You visited 1 branch of the dungeon, and saw 1 of its levels.

Inventory:

Hand Weapons
 a - a +0 hand axe (weapon)
Armour
 b - a +0 animal skin (worn)


   Skills:
 - Level 3.0 Fighting
 + Level 3.0 Axes
 - Level 1.7 Armour
 - Level 1.7 Dodging


You couldn't memorise any spells.
You didn't know any spells.
Your spell library was empty.

Dungeon Overview and Level Annotations

Branches:
Dungeon (1/15)

Altars:


Message History

You hit the jackal.
The jackal is heavily wounded.
The jackal closely misses you. x2
You are too injured to fight recklessly!
Unknown command.
You hit the jackal.
The jackal is severely wounded.
The jackal misses you. The jackal completely misses you.
You are too injured to fight recklessly!
You closely miss the jackal.
The jackal is severely wounded.
The jackal barely misses you.
You are too injured to fight recklessly!
You barely miss the jackal.
The jackal is severely wounded.
The jackal closely misses you. The jackal completely misses you.
Unknown command.
You hit the jackal but do no damage.
The jackal is severely wounded.
The jackal bites you but does no damage.
You are too injured to fight recklessly!
You hit the jackal but do no damage.
The jackal is severely wounded.
The jackal pauses to sniff the ground.
The jackal bites you.
* * * LOW HITPOINT WARNING * * *
The jackal closely misses you.
You are too injured to fight recklessly!
Unknown command.
You closely miss the jackal.
The jackal is severely wounded.
The jackal bites you.
* * * LOW HITPOINT WARNING * * *
The jackal bites you.
* * * LOW HITPOINT WARNING * * *
You are too injured to fight recklessly!
You closely miss the jackal.
The jackal is severely wounded.
The jackal bites you.
You die...

........# ### .8......#
#.. ........# #.#
...8....# #.# ........#
###†# ........# #...#
...8...r##############.###
.......Jh@...............>
.8.....h################.#
........# #.# .........
#.# ......... #.#
.......... #.# #.#######.
# #.# #. .# ###. #.#
#...##.#


You could see an endoplasm, a quokka and 2 jackals.

Vanquished Creatures
  A goblin (D:1)
  3 ball pythons (D:1)
4 creatures vanquished.

Notes
Turn   | Place    | Note
-------+----------+-------------------------------------------
     0 | D:1      | ytrimaz the Demonspawn Berserker began the quest for the
                  | Orb.
     0 | D:1      | Reached XP level 1. HP: 18/18 MP: 1/1
   356 | D:1      | Slain by a jackal

Illustrated notes

Levels and vault maps discovered:
D:1:      minmay_arrival_nine_rooms, layout_basic,
          chequers_serial_rivers_room_a, minmay_misc_feat_plants

Skill      XL: |  1 |
---------------+----+-----
Axes           | 3 |  3.0
Fighting       | |  3.0
Armour         | |  1.7
Dodging        | |  1.7

Action                   || total
-------------------------++-------
Melee: Hand axe          ||    19
Armor: Animal skin       ||     4
Dodge: Dodged            ||    24

Table legend: (Time is in decaauts)
 A = Elapsed time spent in this place.
 B = Non-inter-level travel time spent in this place.
 C = Inter-level travel time spent in this place.
 D = Time resting spent in this place.
 E = Time spent auto-exploring this place.
 F = Levels seen in this place.
 G = Mean time per level.
                   A        B        C        D        E       F      G
               +--------+--------+--------+--------+--------+-----+--------+
         Total |    358 |    358 |      0 |      0 |    316 |   1 |  358.0 |
       Dungeon |    358 |    358 |      0 |      0 |    316 |   1 |  358.0 |
               +--------+--------+--------+--------+--------+-----+--------+

Top non-repeatable levels by time:
     D:1: 358 daAuts
